Map: Waterfall

Players

cure

  • Race: Terran Terran
  • Spawn Location: 7:00

Lambo - Winner!

  • Race: Zerg Zerg
  • Spawn Location: 1:00

VOD

Have the link to the VOD?

Description

Time

  • Played on: Oct. 23, 2022, 8:21 p.m.
  • Length: 14:53
Show
View Real Time Build Order
Export as new Build Order

cure Terran 

Build Orders: Command Center First (CC), Hellion Banshee 

Get SALT Encoding   

  12  0:00  SCV  
  13  0:12  SCV  
  14  0:17  Supply Depot  
  14  0:24  SCV  
  15  0:38  SCV  
  16  0:51  SCV  
  17  0:58  Command Center  
  17  1:03  SCV  
  18  1:12  Barracks  
  18  1:15  SCV  
  19  1:21  Refinery  
  19  1:27  SCV  
  19  1:29  Refinery  
  21  1:40  SCV  
  21  1:52  SCV  
  22  1:58  Marine  
  23  2:04  Orbital Command  
  23  2:09  Factory  
  23  2:12  Orbital Command  
  23  2:18  Barracks Reactor  
  23  2:26  Supply Depot  
  23  2:30  SCV  
  24  2:37  SCV  
  24  2:42  SCV  
  26  2:50  SCV  
  27  2:54  SCV  
  27  2:55  Starport  
  28  2:59  Hellion x2  
  28  3:00  Barracks Tech Lab  
  28  3:03  SCV  
  33  3:06  SCV  
  33  3:11  Supply Depot  
  34  3:15  SCV  
  34  3:19  Marauder  
  37  3:21  Hellion x2  
  37  3:23  Concussive Shells  
  41  3:31  Viking  
  43  3:41  Marauder  
  45  3:44  Hellion x2  
  49  3:49  Supply Depot  
  49  3:55  Armory  
  49  4:02  Medivac, Marauder  
  53  4:11  Hellion x2  
  57  4:19  SCV x2  
  44  4:31  SCV  
  44  4:32  SCV  
  44  4:43  SCV  
  44  4:44  SCV  
  45  4:47  Command Center  
  45  4:55  SCV, Cloaking Field  
  45  4:56  SCV, Banshee  
  45  4:58  Hellion x2  
  52  5:06  Barracks Tech Lab  
  52  5:07  Supply Depot  
  52  5:08  Supply Depot  
  52  5:12  SCV x2  
  48  5:37  SCV x2, Marine  
  48  5:39  Banshee  
  54  5:43  Stimpack  
  54  5:49  Barracks, SCV x2  
  56  5:50  Factory Reactor  
  56  5:52  Barracks  
  56  5:55  Marine  
  57  5:59  Orbital Command  
  57  6:01  SCV x2  
  59  6:09  Supply Depot  
  59  6:13  SCV x2, Marine  
  62  6:20  Engineering Bay  
  62  6:21  Engineering Bay, Refinery  
  62  6:23  Refinery  
  63  6:25  SCV x2  
  64  6:35  Starport Reactor  
  64  6:36  Orbital Command  
  64  6:38  SCV x2  
  66  6:41  Marine  
  66  6:42  Marine x2  
  66  6:43  Siege Tank  
  72  6:49  Barracks x2  
  72  6:50  SCV  
  72  6:51  SCV  
  72  6:53  Terran Infantry Armor Level 1, Terran Infantry Weapons Level 1  
  74  7:02  SCV  
  74  7:03  SCV x2  
  74  7:05  Supply Depot, Marine x4  
  74  7:06  Marine  
  82  7:14  SCV  
  82  7:15  SCV x2  
  85  7:20  Medivac x2, Siege Tank  
  92  7:26  SCV, Combat Shield  
  92  7:27  SCV x2  
  92  7:28  Supply Depot  
  95  7:30  Marine x5  
  100  7:38  SCV, Barracks Tech Lab  
  100  7:39  Barracks Reactor  
  101  7:45  Supply Depot x3  
  101  7:50  SCV x3  
  104  7:54  Supply Depot  
  104  7:59  Marauder x2, Marine  
  104  8:04  Armory  
  109  8:06  Marine x3  
  109  8:07  SCV x3  
  115  8:21  Marauder x2, Marine x3  
  115  8:22  Siege Tank  
  115  8:23  Medivac x2  
  115  8:24  Marine x3  
  115  8:26  SCV x2  
  134  8:28  SCV  
  134  8:30  Refinery  
  134  8:32  Refinery  
  135  8:41  Supply Depot x2  
  135  8:46  SCV x3  
  136  8:56  Marine  
  136  8:57  Marauder x2  
  136  9:02  Command Center, Marine x5  
  131  9:12  SCV x3  
  131  9:13  Medivac x2, Siege Tank  
  140  9:20  Terran Infantry Armor Level 2, Terran Infantry Weapons Level 2  
  140  9:25  Supply Depot  
  140  9:27  Terran Vehicle Weapons Level 1, Supply Depot  
  144  9:31  Marauder x2  
  143  9:44  Marine x4  
  143  9:45  Siege Tank  
  150  9:47  Marine x2  
  152  9:52  Factory  
  152  9:57  Sensor Tower  
  152  10:02  Supply Depot  
  152  10:03  Supply Depot  
  152  10:05  SCV  
  152  10:06  SCV x2  
  155  10:11  Marauder x2, Marine x6  
  165  10:21  Siege Tank  
  165  10:27  Medivac x2  
  172  10:42  Marauder x2, Marine x6  
  181  10:43  Factory Tech Lab  
  181  10:48  Barracks  
  181  10:49  Barracks  
  181  10:52  Barracks  
  181  10:54  SCV x2  
  181  10:55  SCV  
  176  11:09  Marauder x2, Marine x6  
  186  11:12  Siege Tank  
  186  11:13  Siege Tank  
  186  11:14  Planetary Fortress  
  189  11:33  Marauder x2, Marine x6  
  195  11:44  Siege Tank  
  195  11:46  Medivac  
  200  11:47  Terran Infantry Weapons Level 3, Terran Infantry Armor Level 3  
  200  11:53  Terran Vehicle Weapons Level 2  
  198  11:59  Marine x4  
  198  12:00  Marauder x2  
  200  12:08  Missile Turret, Sensor Tower  
  200  12:13  Command Center  
  193  12:24  Command Center  
  190  12:38  Supply Depot  
  190  12:39  Supply Depot  
  190  12:55  Marine x2  
  190  12:57  Marine  
  189  12:59  Marine x2  
  189  13:00  Marauder x2, Marine  
  189  13:01  Siege Tank  
  194  13:06  Medivac, Siege Tank  
  194  13:07  Medivac  
  194  13:11  Command Center  
  200  13:17  Marine x2  
  178  13:21  Marauder x2  
  135  13:27  Marine x2  
  135  13:28  Marine x2  
  135  13:32  Barracks Tech Lab  
  135  13:33  Barracks Tech Lab x2, Siege Tank  
  132  13:35  Marine x2  
  132  13:38  Siege Tank  
  137  13:43  Marauder x2  
  137  13:46  Marine x4  
  145  13:51  Medivac x2  
  145  13:53  Marine x2  
  150  14:03  Marauder, Marine  
  150  14:04  Marauder x3, Marine x3  
  162  14:12  Widow Mine  
  162  14:13  Widow Mine  
  166  14:21  Marine x3  
  166  14:22  Marauder  
  171  14:25  Marauder x2  
  171  14:26  Marauder  
  171  14:30  Marine x2  
  171  14:31  Marine x2  
Show
View Real Time Build Order
Export as new Build Order

Lambo Zerg - Winner!

Build Orders: Pool First 

Get SALT Encoding   

  12  0:00  Drone  
  13  0:12  Overlord  
  13  0:17  Drone  
  14  0:30  Drone x2  
  16  0:37  Drone  
  17  0:44  Spawning Pool  
  17  0:47  Drone  
  17  1:08  Hatchery  
  17  1:10  Drone  
  17  1:14  Drone  
  17  1:17  Extractor  
  17  1:20  Drone  
  18  1:30  Queen  
  20  1:33  Zergling x2  
  21  1:42  Overlord  
  21  1:50  Drone  
  22  2:00  Drone  
  23  2:06  Queen  
  25  2:11  Drone  
  26  2:18  Hatchery  
  26  2:21  Drone  
  26  2:31  Roach Warren  
  26  2:34  Drone  
  26  2:37  Drone  
  26  2:40  Drone  
  28  2:46  Overlord  
  28  3:10  Roach x3  
  28  3:11  Roach  
  28  3:12  Roach x2  
  40  3:15  Roach  
  40  3:19  Roach  
  44  3:23  Overlord  
  44  3:30  Roach  
  44  3:32  Roach  
  48  3:40  Overlord  
  48  3:41  Drone  
  48  3:44  Drone  
  49  3:48  Drone x2  
  49  3:51  Ravager  
  49  3:52  Drone  
  49  3:54  Drone  
  54  3:57  Drone  
  54  3:59  Drone  
  54  4:01  Drone  
  57  4:07  Drone x2  
  57  4:09  Drone  
  60  4:12  Drone  
  60  4:13  Drone  
  60  4:15  Roach  
  58  4:24  Drone x2  
  58  4:25  Drone x2  
  58  4:26  Drone, Ravager  
  58  4:28  Queen  
  58  4:30  Drone  
  58  4:32  Drone  
  58  4:36  Drone x2  
  52  4:43  Queen  
  56  4:45  Roach  
  56  4:46  Roach  
  56  4:50  Overlord  
  56  4:52  Metabolic Boost  
  58  4:58  Overlord  
  58  5:00  Overlord  
  58  5:03  Overlord  
  58  5:04  Extractor  
  57  5:08  Queen  
  57  5:09  Drone x5  
  57  5:11  Roach  
  66  5:18  Evolution Chamber  
  65  5:26  Drone x6  
  70  5:34  Zergling x2  
  69  5:38  Zergling x8  
  69  5:41  Zergling x4  
  75  5:43  Drone x3  
  78  5:51  Drone  
  78  5:52  Drone  
  78  5:54  Drone  
  78  5:56  Lair  
  81  6:00  Drone, Extractor  
  81  6:01  Extractor  
  81  6:03  Drone  
  81  6:05  Drone  
  82  6:12  Hatchery, Extractor, Evolution Chamber  
  82  6:13  Evolution Chamber  
  82  6:14  Spore Crawler  
  82  6:15  Spore Crawler  
  82  6:16  Spore Crawler  
  82  6:17  Drone  
  82  6:18  Drone x4  
  79  6:19  Drone x2  
  80  6:26  Drone x2  
  80  6:29  Drone  
  80  6:32  Drone  
  81  6:40  Overlord  
  81  6:42  Overlord  
  81  6:45  Overlord, Extractor  
  80  6:47  Overlord  
  80  6:50  Overlord  
  80  6:51  Drone  
  81  6:55  Zerg Ground Armor Level 1, Zerg Missile Weapons Level 1  
  81  6:59  Overseer  
  81  7:00  Drone x4  
  85  7:03  Drone x5  
  90  7:09  Glial Reconstitution  
  90  7:11  Drone  
  90  7:14  Roach x2  
  94  7:19  Baneling Nest  
  93  7:24  Roach x7  
  107  7:34  Queen  
  107  7:35  Drone x3  
  107  7:36  Drone x3  
  115  7:37  Spore Crawler, Overlord  
  115  7:39  Roach  
  116  7:46  Queen, Roach x4  
  116  7:47  Drone x2  
  128  7:55  Overlord  
  128  7:56  Infestation Pit  
  127  7:59  Drone x3  
  127  8:00  Drone x2  
  127  8:01  Drone  
  127  8:03  Roach x2  
  136  8:06  Overlord  
  136  8:09  Centrifugal Hooks  
  136  8:12  Overlord  
  136  8:13  Drone x2, Overlord  
  136  8:17  Overlord  
  136  8:18  Overlord  
  138  8:21  Overlord  
  138  8:22  Overlord  
  138  8:23  Queen  
  138  8:25  Overlord  
  138  8:27  Drone x3  
  141  8:29  Extractor  
  142  8:34  Drone x3  
  142  8:35  Hive  
  142  8:36  Zergling x8  
  149  8:42  Zergling x2  
  149  8:43  Zergling x14  
  149  8:44  Ravager  
  149  8:48  Zergling x12  
  164  8:49  Zergling x2  
  164  8:50  Zergling x4  
  166  8:57  Zergling x2  
  166  9:01  Zergling x2  
  168  9:03  Zergling x4  
  168  9:09  Zergling x4  
  165  9:10  Zerg Ground Armor Level 2  
  165  9:11  Zerg Melee Weapons Level 1  
  165  9:20  Zergling x22  
  165  9:23  Baneling  
  165  9:24  Baneling x14, Hatchery  
  176  9:30  Zergling x6  
  176  9:31  Zergling x2  
  178  9:35  Overlord  
  178  9:36  Overlord  
  175  9:38  Overlord  
  176  9:50  Overlord x2  
  176  9:53  Queen  
  176  9:54  Adrenal Glands  
  176  9:56  Ultralisk Cavern  
  176  9:57  Overlord  
  177  10:01  Viper x3  
  177  10:04  Zergling x14  
  193  10:12  Pneumatized Carapace  
  190  10:16  Zergling x12  
  190  10:19  Zergling x2  
  190  10:20  Zergling x6  
  199  10:30  Spore Crawler  
  199  10:31  Queen  
  197  10:39  Drone x4  
  198  10:44  Zergling x4  
  198  10:48  Chitinous Plating  
  200  10:52  Drone  
  196  11:04  Overlord  
  196  11:07  Hatchery  
  196  11:08  Overlord  
  194  11:13  Zergling x10  
  194  11:15  Baneling x31  
  199  11:20  Spore Crawler  
  199  11:23  Zerg Melee Weapons Level 2  
  199  11:25  Overlord  
  198  11:29  Zergling x2  
  198  11:38  Zergling x8  
  198  11:43  Zerg Ground Armor Level 3  
  194  11:51  Zergling x16  
  198  12:00  Zergling x4  
  199  12:07  Anabolic Synthesis  
  199  12:13  Zergling x2, Hatchery  
  176  12:23  Zergling x46  
  196  12:40  Zergling x8  
  200  12:44  Baneling x33  
  200  12:47  Baneling x37  
  200  12:56  Zergling x4  
  197  13:07  Zergling x14  
  195  13:17  Zergling x14  
  181  13:20  Zergling x16  
  181  13:24  Ultralisk x2  
  173  13:31  Ultralisk x2  
  173  13:32  Zergling x4  
  185  13:43  Zergling x8  
  185  13:44  Baneling x9  
  189  13:48  Spore Crawler  
  189  13:51  Drone x3  
  189  13:53  Hatchery, Spine Crawler  
  189  13:56  Spore Crawler  
  189  13:58  Zergling x22  
  189  14:01  Zergling x2  
  194  14:07  Baneling  
  194  14:08  Baneling x14  
  194  14:11  Baneling x2  
  194  14:12  Zergling x12  
  199  14:20  Overlord  
  199  14:30  Zergling x14  
  194  14:33  Zergling x6  
  194  14:36  Zergling x2  
Tags
 
Add a new tag
Caveats
  • Supply blocks, unpowered buildings, or Contaminate may cause inaccurate times.
  • Supply counts are checked every 10 seconds.